[Event "Live Chess"]
[Site "Chess.com"]
[Date "2023.05.21"]
[Round "-"]
[White "KeithArkell"]
[Black "Davidagye"]
[Result "1-0"]
[WhiteElo "2511"]
[BlackElo "1669"]
[TimeControl "300"]
[EndTime "2:28:20 PDT"]
[Termination "KeithArkell won by checkmate"]

1. d4 Nf6 2. Nf3 g6 3. c4 Bg7 4. Nc3 O-O 5. g3 d6 6. Bg2 c6 7.
O-O Nbd7 8. Bf4 Qc7 9. c5 b5 10. Rc1 Qb8 11. cxd6 exd6 12. Ng5 Bb7 13. Nge4 Ne8 14.
Nc5 Nxc5 15. dxc5 Be5 16. cxd6 Bxf4 17. gxf4 Nxd6 18. e3 Re8 19. Qd4 Nc4 20. b3 Nb6 21. Ne4 Qd8 22. Nf6+ Kf8 23. Nxe8 Qxd4 24. exd4 Rxe8 25. d5 c5 26. Rxc5 Re2 27. Rxb5 Rxa2 28. Rd1 Bc8 29. Rc5 Bd7 30. d6 Ra3 31. Rc7 Rxb3 32. Rxa7 Ke8 33. h3 h5 34. Re1+ Kd8 35. Re7 Be6 36. Bc6 Rb1+ 37. Kh2 Bd5 38. Re8# 1-0

[Event "Live Chess"]
[Site "Chess.com"]
[Date "2023.05.21"]
[Round "-"]
[White "jusjoel"]
[Black "Singapourfeuj"]
[Result "0-1"]
[WhiteElo "265"]
[BlackElo "2192"]
[TimeControl "300"]
[EndTime "2:28:23 PDT"]
[Termination "Singapourfeuj won by checkmate"]

1. d4 Nf6 2. e4 Nxe4 3. Qd2 Nxd2 4. Kxd2 d5 5. Ke3 c5 6. Bc4 dxc4 7. b3 Qxd4+ 8. Kf3 Bg4+ 9. Kg3 h5 10. Kh4 f6 11. Nf3 Bxf3+ 12. Bf4 Qxf4+ 13. Kh3 Qg4# 0-1

[Event "Live Chess"]
[Site "Chess.com"]
[Date "2023.05.21"]
[Round "-"]
[White "TheSmoulderingMaster"]
[Black "YrrriKharkiv"]
[Result "0-1"]
[WhiteElo "1710"]
[BlackElo "2072"]
[TimeControl "300"]
[EndTime "2:28:28 PDT"]
[Termination "YrrriKharkiv won by checkmate"]

1. e4 e6 2. d4 d5 3. Nc3 Nf6 4.
Bg5 Be7 5. e5 Nfd7 6. Bxe7 Qxe7 7. Nb5 Nb6 8. Nf3 a6 9. Nc3 c5 10. dxc5 Qxc5 11. Qd2 Qe7 12. O-O-O Nc6 13. h4 Nd7 14.
Re1 b5 15. Bd3 Nc5 16. Nd1 Nxd3+ 17. Qxd3 Na5 18. Ne3 Nc4 19. Ng4 Qb4 20. Qb3 Qc5 21.
Rd1 Bd7 22. Nd4 h5 23. Ne3 Nxe5 24. Rhe1 Nc4 25. Nef5 O-O 26. Ng3 g6 27. Nf3 Rac8 28. Ng5 Qxf2 29. Qd3 Qf6 30. Nxh5 Qxb2# 0-1

[Event "Live Chess"]
[Site "Chess.com"]
[Date "2023.05.21"]
[Round "-"]
[White "CheckThis4"]
[Black "Long1968"]
[Result "1-0"]
[WhiteElo "2494"]
[BlackElo "970"]
[TimeControl "300"]
[EndTime "2:28:28 PDT"]
[Termination "CheckThis4 won by resignation"]

1. d4 e6 2. e4 d5 3. e5 c5 4. c3 cxd4 5. cxd4 Nc6 6. Nf3 Qb6 7. Nc3 Bb4 8. Bd3 Nge7 9. O-O Nf5 10. Bxf5 Bxc3 11. Bxe6 Bxb2 12. Bxf7+ Kxf7 13. Rb1 Nxd4 14. Rxb2 Nxf3+ 15. Qxf3+ Ke6 16. Rxb6+ axb6 17. Qg4+ Kxe5 18. Qxg7+ 1-0

[Event "Live Chess"]
[Site "Chess.com"]
[Date "2023.05.21"]
[Round "-"]
[White "RockTroll"]
[Black "RamsayFlayer"]
[Result "1-0"]
[WhiteElo "2213"]
[BlackElo "1962"]
[TimeControl "300"]
[EndTime "2:29:21 PDT"]
[Termination "RockTroll won by checkmate"]

1. e4 e5 2. Nf3 Nc6 3. Bc4 Nf6 4. d3 Bc5 5. O-O d6 6. c3 a5 7. a4 h6 8. Na3 Bg4 9. Nc2 O-O 10. Be3 Bxe3 11. Nxe3 Bh5 12. h3 Ne7 13. g4 Bg6 14. Nh4 c6 15. f4 exf4 16. Rxf4 d5 17. exd5 cxd5 18. Bb3 Qb6 19. d4 Be4 20. Nhf5 Nxf5 21. Nxf5 Bxf5 22. Rxf5 Qe6 23. Re5 Qd6 24. Qf3 Rad8 25.
Rae1 Qb6 26. Bc2 Qxb2 27. Qf5 Qxc3 28. R1e3 Qxd4 29. Kh2 Rde8 30. Rxe8 Rxe8 31. Rxe8+ Nxe8 32. Bd3 Nf6 33. Qc8+ Ne8 34. Qxe8# 1-0

[Event "Live Chess"]
[Site "Chess.com"]
[Date "2023.05.21"]
[Round "-"]
[White "GwaryTek"]
[Black "HadesLearmonth"]
[Result "1-0"]
[WhiteElo "2068"]
[BlackElo "1191"]
[TimeControl "300"]
[EndTime "2:29:25 PDT"]
[Termination "GwaryTek won by checkmate"]

1. d4 d5 2. Bg5 Bf5 3. e3 Nf6 4. Bd3 e6 5. Bxf5 exf5 6. Qd3 Be7 7. Qxf5 O-O 8. Nc3 Nc6 9. O-O-O Ne4 10. Nxe4 dxe4 11.
h4 Nb4 12. Qxe4 Bxg5 13. hxg5 g6 14. Qh4 f6 15. Qxh7# 1-0

[Event "Live Chess"]
[Site "Chess.com"]
[Date "2023.05.21"]
[Round "-"]
[White "Denz14"]
[Black "Berdgross"]
[Result "1-0"]
[WhiteElo "1048"]
[BlackElo "656"]
[TimeControl "300"]
[EndTime "2:29:31 PDT"]
[Termination "Denz14 won by resignation"]

1. e4 e5 2. Nf3 d6 3. Bc4 Be6 4. Qe2 Nc6 5. Bxe6 fxe6 6. Qb5 Rb8 7. O-O a6 8. Qe2 Nf6 9. d3 d5 10. Bg5 Be7 11. Bxf6 Bxf6 12. Nc3 d4 13. Nb1 h6 14. Nbd2 Nb4 15. Rfc1 Bg5 16. Nxg5 Qxg5 17. a3 Nc6 18. Nf3 Qd8 19. c3 dxc3 20. bxc3 g5 21. Nd2 b5 22.
Qh5+ Ke7 23. Rf1 Rf8 24. Qxh6 Rh8 25. Qxg5+ Ke8 26. Qg6+ Kd7 27. f4 Rg8 28. Qh7+ Kc8 29. fxe5 Nxe5 30. d4 Nd3 31. e5 Qg5 32. g3 Kb7 33. Qxd3 Rg7 34. Nf3 Qg4 35. Rae1 Rbg8 36. Qe4+ Qxe4 37. Rxe4 Rxg3+ 38. hxg3 Rxg3+ 39. Kf2 Rh3 40.
Rg1 1-0

[Event "Live Chess"]
[Site "Chess.com"]
[Date "2023.05.21"]
[Round "-"]
[White "EdenHazard8"]
[Black "Biranidun"]
[Result "0-1"]
[WhiteElo "1977"]
[BlackElo "2552"]
[TimeControl "300"]
[EndTime "2:29:31 PDT"]
[Termination "Biranidun won by resignation"]

1. e4 c5 2. Nf3 d6 3. c4 Nf6 4. Nc3 Bg4 5. Be2 Nc6 6. O-O g6 7. d3 Bg7 8. h3 Bxf3 9. Bxf3 O-O 10. Nd5 Nd7 11. Rb1 e6 12. Nc3 a6 13. Bd2 Rb8 14.
a3 b5 15. cxb5 axb5 16. b4 Nd4 17. bxc5 dxc5 18. Ne2 Nxf3+ 19. gxf3 Ne5 20. Nf4 Nxd3 21. Nxd3 Qxd3 22. Be3 Qxa3 23. Qd6 Rfc8 24. Rfc1 Bf8 25. Qe5 Qa7 26. Ra1 Qb6 27. Bg5 Bg7 28. Bf6 Bxf6 29.
Qxf6 c4 30. Rd1 Rd8 31. Rxd8+ Qxd8 32. Qe5 b4 33. Ra7 Rc8 34. Qf4 Qf8 0-1

[Event "Live Chess"]
[Site "Chess.com"]
[Date "2023.05.21"]
[Round "-"]
[White "Crowded_House"]
[Black "SupremeTactician"]
[Result "1/2-1/2"]
[WhiteElo "1664"]
[BlackElo "2261"]
[TimeControl "300"]
[EndTime "2:29:35 PDT"]
[Termination "Game drawn by agreement"]

1. d4 Nf6 2. Bg5 e6 3. e3 Be7 4.
Bd3 O-O 5. Nd2 h6 6. Bh4 d5 7.
Ngf3 Nbd7 8. c3 c5 9. O-O c4 10. Bc2 b5 11. b3 a5 12. a3 Ba6 13. b4 axb4 14. axb4 Bb7 15. Rxa8 Qxa8 16. Qa1 Qxa1 17. Rxa1 Ra8 18. Rxa8+ Bxa8 19. Bg3 Kf8 20. Ne5 Nxe5 21. Bxe5 Nd7 22. Bg3 1/2-1/2

[Event "Live Chess"]
[Site "Chess.com"]
[Date "2023.05.21"]
[Round "-"]
[White "LiamClery2020"]
[Black "AbilifyXL"]
[Result "0-1"]
[WhiteElo "1995"]
[BlackElo "1947"]
[TimeControl "300"]
[EndTime "2:29:41 PDT"]
[Termination "AbilifyXL won by resignation"]

1. e4 d5 2. exd5 Qxd5 3. Nc3 Qa5 4. d4 c6 5. Bc4 Nf6 6. Nf3 Bg4 7. Bd2 e6 8. O-O Nbd7 9. h3 Bh5 10. Re1 Bb4 11. a3 Bxc3 12. Bxc3 Qc7 13. Qd3 O-O 14. Rad1 Rad8 15.
Qe3 Nb6 16. Ba2 Nbd5 17. Qd3 Bg6 18. Qd2 Ne4 19. Qg5 Nxg5 0-1

[Event "Live Chess"]
[Site "Chess.com"]
[Date "2023.05.21"]
[Round "-"]
[White "MJMykh"]
[Black "NatashaRegan"]
[Result "1-0"]
[WhiteElo "1184"]
[BlackElo "1736"]
[TimeControl "300"]
[EndTime "2:29:43 PDT"]
[Termination "MJMykh won by resignation"]

1. e4 Nf6 2. Nc3 e5 3. Nf3 Nc6 4. Bc4 Be7 5. Ng5 O-O 6. Nxf7 Rxf7 7. Bxf7+ Kxf7 8. O-O d6 9. h3 Kg8 10. a3 Be6 11. d3 Qd7 12. Be3 Rf8 13. Qd2 Bxh3 14. gxh3 Qxh3 15. Qe2 Ng4 16. f3 Nxe3 17. Qxe3 Nd4 18.
Qd2 Rxf3 19. Qh2 Rg3+ 20. Kh1 Qg4 21. Rg1 Qf4 22. Qxg3 Qxg3 23. Rxg3 Nxc2 24. Rag1 Bf6 25. Nd5 Kf7 26. Nxf6 gxf6 27. Rg7+ Ke6 28. Rxh7 1-0

[Event "Live Chess"]
[Site "Chess.com"]
[Date "2023.05.21"]
[Round "-"]
[White "JoshMcK"]
[Black "gmnorfolk"]
[Result "0-1"]
[WhiteElo "1523"]
[BlackElo "2129"]
[TimeControl "300"]
[EndTime "2:29:54 PDT"]
[Termination "gmnorfolk won by resignation"]

1. e4 c5 2. c3 d5 3. exd5 Nf6 4. Nf3 Nxd5 5. d4 cxd4 6. cxd4 g6 7. Nc3 Bg7 8. Nxd5 Qxd5 9. Be3 Nc6 10. Be2 Bf5 11. O-O O-O 12. b3 b5 13. Rc1 a6 14.
Qd2 Rfd8 15. Rfd1 Rac8 16. h3 Qd6 17. a4 bxa4 18. bxa4 Nb4 19. Rxc8 Rxc8 20. Bf4 Qb6 21. Be5 f6 22. Bg3 Rc2 23. Qe3 Nd5 24. Qa3 Rxe2 25. Nd2 Bc2 26. Nc4 Qb4 27. Qxb4 Nxb4 28. Rc1 Kf7 29.
Ne3 Bxa4 30. Kf1 Rb2 31. Ra1 Ra2 32. Rxa2 Nxa2 33. Nc4 Bb3 34. Na5 Bd5 0-1

[Event "Live Chess"]
[Site "Chess.com"]
[Date "2023.05.21"]
[Round "-"]
[White "Keithdfg"]
[Black "Singapourfeuj"]
[Result "0-1"]
[WhiteElo "1580"]
[BlackElo "2193"]
[TimeControl "300"]
[EndTime "2:30:03 PDT"]
[Termination "Singapourfeuj won by resignation"]

1. c4 Nf6 2. Nc3 g6 3. g3 Bg7 4. Bg2 d6 5. Nf3 O-O 6. O-O Nc6 7. d3 Bd7 8. Rb1 e5 9. b4 a6 10. a4 Rb8 11. b5 Nd4 12. Bg5 axb5 13. Nxd4 exd4 14.
Nd5 bxc4 0-1

[Event "Live Chess"]
[Site "Chess.com"]
[Date "2023.05.21"]
[Round "-"]
[White "Doge_Dandolo"]
[Black "OceanFloater"]
[Result "1-0"]
[WhiteElo "1864"]
[BlackElo "1033"]
[TimeControl "300"]
[EndTime "2:30:07 PDT"]
[Termination "Doge_Dandolo won by resignation"]

1. Nf3 c6 2. c4 d5 3. g3 Bf5 4. Qb3 Qc7 5. cxd5 cxd5 6. Nc3 Nf6 7. Bg2 e6 8. O-O a5 9. d4 a4 10. Qb5+ Nc6 11. Bf4 Ra5 12. Bxc7 Rxb5 13. Nxb5 e5 14.
dxe5 Ne4 15. Rfd1 Nxf2 16. Kxf2 Bc5+ 17. e3 d4 18. exd4 Bxd4+ 19. Nfxd4 Nxd4 20. Rxd4 O-O 21. Rd8 Rxd8 22. Bxd8 f6 23. e6 Bxe6 24. Bxb7 Kf7 25.
Re1 Bd7 26. Re7+ Kg6 1-0

[Event "Live Chess"]
[Site "Chess.com"]
[Date "2023.05.21"]
[Round "-"]
[White "FMOlexandrProhorov"]
[Black "jagbama"]
[Result "1-0"]
[WhiteElo "2172"]
[BlackElo "1163"]
[TimeControl "300"]
[EndTime "2:30:10 PDT"]
[Termination "FMOlexandrProhorov won by resignation"]

1. e4 e5 2. f4 d6 3. Bc4 Nf6 4. Nf3 Nc6 5. O-O Bg4 6. Nc3 Nd4 7. d3 Nxf3+ 8. gxf3 Bh3 9. Rf2 Nh5 10. d4 Nxf4 11. Bxf4 exf4 12. e5 Qg5+ 13. Kh1 dxe5 14.
dxe5 Bc5 15. Re2 O-O 16. Ne4 Qe7 17. Qe1 Be3 18. Rxe3 fxe3 19. Qxe3 Qb4 20. Bd3 Qxb2 21. Rg1 Rad8 22. Qh6 g6 23. Nf6+ 1-0

[Event "Live Chess"]
[Site "Chess.com"]
[Date "2023.05.21"]
[Round "-"]
[White "yeetpizza74"]
[Black "WilliamofOrange16th"]
[Result "0-1"]
[WhiteElo "481"]
[BlackElo "1843"]
[TimeControl "300"]
[EndTime "2:30:14 PDT"]
[Termination "WilliamofOrange16th won by checkmate"]

1. e4 c5 2. Nf3 e6 3. d4 cxd4 4.
Nxd4 a6 5. Bc4 Qc7 6. Nd2 Nf6 7. f3 d5 8. exd5 exd5 9. Bd3 Be7 10. O-O O-O 11. Re1 Bc5 12. c3 Nc6 13. Nb3 Nxd4 14. cxd4 Bd6 15. g3 Bh3 16. Bf4 Bxf4 17.
gxf4 Qxf4 18. Nc5 Qg5+ 19. Kf2 Qg2+ 20. Ke3 Rfe8+ 21. Kf4 g5# 0-1

[Event "Live Chess"]
[Site "Chess.com"]
[Date "2023.05.21"]
[Round "-"]
[White "LiamBellwood"]
[Black "domrobson"]
[Result "1/2-1/2"]
[WhiteElo "1960"]
[BlackElo "1717"]
[TimeControl "300"]
[EndTime "2:30:25 PDT"]
[Termination "Game drawn by repetition"]

1. d4 Nf6 2. Nc3 e6 3. Bf4 d5 4. Nb5 Na6 5. a3 Bd7 6. e3 Bxb5 7. Bxb5+ c6 8. Bd3 Bd6 9. Ne2 Nc7 10. O-O O-O 11.
Bxd6 Qxd6 12. f3 e5 13. c3 exd4 14. exd4 Rfe8 15. Qd2 Re7 16. Ng3 g6 17. Rfe1 Rae8 18. Rxe7 Qxe7 19. Kf2 Qd7 20. Qg5 Qe6 21. Bf5 Qe7 22. Bd3 Ne6 23. Qh6 Ng7 24. Qd2 a6 25. Re1 Qxe1+ 26. Qxe1 Rxe1 27. Kxe1 b5 28. a4 Nd7 29. a5 f5 30. b4 Nf6 31. Bc2 Ngh5 32.
Nh1 Nf4 33. g3 Ne6 34. Nf2 Kf7 35. Nd3 Nd7 36. Kf2 Kf6 37. h3 h5 38. g4 hxg4 39.
fxg4 fxg4 40. hxg4 Kg5 41. Kg3 Kf6 42. Nf4 Nxf4 43. Kxf4 g5+ 44. Kf3 Nf8 45. Bf5 Ne6 46. Ke3 Ke7 47. Kf3 Kd6 48. Bg6 Nf4 49. Be8 Nd3 50.
Bh5 Nc1 51. Ke3 Na2 52. Kd2 Kc7 53. Kc2 Kb7 54. Kb2 Nxb4 55. cxb4 Kc7 56. Kc3 Kb7 57. Bf7 Kc7 58. Be6 Kb7 59. Bf7 Kc7 60. Be8 Kb7 61. Kd3 Kc7 62. Ke3 Kb7 63. Kf3 Kc7 64.
Kg3 Kb7 65. Bf7 Kc7 66. Be6 Kb7 67. Bf5 Kc7 68. Bg6 Kb7 69. Be4 Kc7 70. Kf2 Kb7 71. Ke3 Kc7 72. Bf5 Kb7 73. Bd7 Kc7 74. Be8 Kb7 75. Bf7 Kc7 76. Be6 Kb7 77. Bf5 Kc7 78.
Bg6 Kb7 79. Bf7 Kc7 80. Bg8 Kb7 81. Bf7 1/2-1/2

[Event "Live Chess"]
[Site "Chess.com"]
[Date "2023.05.21"]
[Round "-"]
[White "Mugzwang"]
[Black "hturner40"]
[Result "0-1"]
[WhiteElo "1540"]
[BlackElo "1802"]
[TimeControl "300"]
[EndTime "2:30:30 PDT"]
[Termination "hturner40 won by resignation"]

1. Nf3 g6 2. Nc3 Bg7 3. b3 e5 4. d3 d5 5. Bb2 c5 6. e4 d4 7. Nd5 Ne7 8. Nxe7 Qxe7 9. c3 O-O 10. cxd4 cxd4 11. Qc1 Be6 12. Ba3 Qd7 13. Bxf8 Kxf8 14. Be2 Nc6 15. O-O Rc8 16. Qc5+ Kg8 17. Rac1 Bf8 18. Qc2 Ba3 19. Rb1 Nb4 20. Qd2 Rc2 21.
Qe1 f6 22. Bd1 Rxa2 23. Nd2 Nxd3 24. Qe2 Nf4 25. Qe1 Bb4 26. Be2 Rxd2 27. Bc4 Bxc4 28. bxc4 Nd3 29. Rxb4 Nxe1 30. Rxe1 b6 31. Reb1 Qc6 32. f3 Rc2 33. c5 Rxc5 34. Ra4 Rc1+ 35. Rxc1 Qxc1+ 36. Kf2 a5 37. Kg3 Qf4+ 38. Kf2 Qe3+ 39.
Kg3 d3 40. Rc4 d2 41. Rc8+ Kg7 42. Rd8 Qe1+ 43. Kg4 d1=Q 0-1

[Event "Live Chess"]
[Site "Chess.com"]
[Date "2023.05.21"]
[Round "-"]
[White "chessfiction"]
[Black "Rusty_Bridges"]
[Result "1-0"]
[WhiteElo "2334"]
[BlackElo "1514"]
[TimeControl "300"]
[EndTime "2:30:38 PDT"]
[Termination "chessfiction won by resignation"]

1. e4 d6 2. d4 Nf6 3. Nc3 Nbd7 4. Nf3 e5 5. Bc4 h6 6. O-O c6 7. h3 Qc7 8. Be3 Be7 9. Nh4 g6 10. Qf3 b5 11. Bb3 Bb7 12. d5 c5 13. Nxb5 Qb6 14.
c4 a6 15. Nc3 O-O-O 16. Na4 Qc7 17. Qe2 Nxe4 18. Nf3 Ng5 19. Nd2 Nf6 20. f4 Nge4 21. fxe5 dxe5 22. Nxe4 Nxe4 23. Rxf7 Rdf8 24. Rxf8+ Rxf8 25. Qg4+ Kb8 26. Qxe4 1-0

[Event "Live Chess"]
[Site "Chess.com"]
[Date "2023.05.21"]
[Round "-"]
[White "DoYouLikeCurry"]
[Black "Bunny55"]
[Result "1-0"]
[WhiteElo "1377"]
[BlackElo "949"]
[TimeControl "300"]
[EndTime "2:30:44 PDT"]
[Termination "DoYouLikeCurry won by resignation"]

1. e4 c5 2. Nc3 Nc6 3. f4 d6 4. Nf3 g6 5. Bc4 Bg7 6. d3 e6 7. O-O a6 8. a3 b5 9. Ba2 Nge7 10. Qe1 O-O 11. Qh4 Nd4 12. f5 Nxf3+ 13. Rxf3 exf5 14.
Bg5 Re8 15. exf5 Qb6 16. f6 c4+ 17. Kh1 Nf5 18. Rxf5 Bxf5 19. fxg7 Re6 20. Nd5 Qd4 21. Qxd4 Rae8 22. h3 Re1+ 23. Rxe1 1-0

[Event "Live Chess"]
[Site "Chess.com"]
[Date "2023.05.21"]
[Round "-"]
[White "Brooms1989"]
[Black "Tushinskiy"]
[Result "0-1"]
[WhiteElo "1108"]
[BlackElo "2155"]
[TimeControl "300"]
[EndTime "2:31:04 PDT"]
[Termination "Tushinskiy won by checkmate"]

1. e4 e5 2. Nc3 d6 3. f4 Nf6 4. Nf3 Bg4 5. fxe5 dxe5 6. Be2 Nbd7 7. O-O c6 8. Ne1 Bc5+ 9. Kh1 h5 10. d3 Qe7 11. Bg5 O-O-O 12. a3 Qe6 13. b4 Bd4 14.
Bxf6 Nxf6 15. Bxg4 hxg4 16. Qd2 g3 17. h3 Rxh3+ 18.
gxh3 Qxh3+ 19. Qh2 Qxh2# 0-1

[Event "Live Chess"]
[Site "Chess.com"]
[Date "2023.05.21"]
[Round "-"]
[White "YrrriKharkiv"]
[Black "Chris_pea"]
[Result "1-0"]
[WhiteElo "2072"]
[BlackElo "610"]
[TimeControl "300"]
[EndTime "2:31:04 PDT"]
[Termination "YrrriKharkiv won by resignation"]

1. d4 d5 2. c4 Bf5 3. cxd5 Qxd5 4. Nc3 Qd8 5. e4 Bg6 6. Nf3 e6 7. Qb3 Nc6 8. Qxb7 Nb4 9. Bb5+ Nc6 10. Qxc6+ Qd7 11.
Qxa8+ Ke7 12. Bxd7 1-0

[Event "Live Chess"]
[Site "Chess.com"]
[Date "2023.05.21"]
[Round "-"]
[White "hunany_3"]
[Black "bedsdrout"]
[Result "1-0"]
[WhiteElo "1730"]
[BlackElo "339"]
[TimeControl "300"]
[EndTime "2:31:21 PDT"]
[Termination "hunany_3 won on time"]

1. e4 e5 2. Nf3 Nf6 3. Nxe5 Qe7 4. d4 Nxe4 5. Qe2 Qh4 6. g3 Qf6 7. Qxe4 Bb4+ 8. c3 Ba5 9. Nc6+ Kf8 10. Nxa5 Na6 11. Bg2 d6 12. O-O Bf5 13. Qxb7 Ke7 14. Re1+ Be6 15. Nc6+ Kd7 16. Qxa6 g6 17. d5 Bf5 18.
Re7+ Qxe7 19. Nxe7 Kxe7 20. Bg5+ Kf8 21. Qc6 1-0

[Event "Live Chess"]
[Site "Chess.com"]
[Date "2023.05.21"]
[Round "-"]
[White "Berdgross"]
[Black "EdenHazard8"]
[Result "0-1"]
[WhiteElo "656"]
[BlackElo "1977"]
[TimeControl "300"]
[EndTime "2:31:21 PDT"]
[Termination "EdenHazard8 won by checkmate"]

1. e4 e5 2. d3 Nc6 3. Nf3 Bc5 4. Nc3 Nf6 5. Nd5 Ng4 6. Be3 Nxe3 7. Nxe3 Bxe3 8. fxe3 O-O 9. Be2 d6 10. O-O f5 11.
exf5 Bxf5 12. e4 Be6 13. c4 Qe8 14. Qb3 Qg6 15. Qxb7 Nd4 16. Nxd4 exd4 17. Qb3 Bh3 18. Bf3 Rxf3 19. Qd1 Qxg2# 0-1

[Event "Live Chess"]
[Site "Chess.com"]
[Date "2023.05.21"]
[Round "-"]
[White "Duke_of_Bebington"]
[Black "Pandreq"]
[Result "1-0"]
[WhiteElo "1588"]
[BlackElo "1235"]
[TimeControl "300"]
[EndTime "2:31:38 PDT"]
[Termination "Duke_of_Bebington won on time"]

1. e4 Nf6 2. e5 Nd5 3. c4 Nb6 4. d4 d6 5. f4 Bf5 6. Bd3 Bxd3 7. Qxd3 Nc6 8. a3 e6 9. Nf3 d5 10. c5 Nc4 11. Nbd2 Nxd2 12. Bxd2 b6 13. b4 a5 14. O-O axb4 15. axb4 Rxa1 16. Rxa1 bxc5 17. bxc5 Be7 18. Qb5 Qd7 19. Ra8+ Bd8 20. Bc3 O-O 21. Nd2 Nxe5 22. Qxd7 Nxd7 23. Nb3 Nf6 24. Na5 c6 25. Nxc6 Ne4 26. Be1 Bf6 27. Rxf8+ Kxf8 28. Ne5 Bd8 29. Kf1 f6 30. Nd7+ Ke7 31. c6 Bc7 32. g3 f5 33. Ke2 Nf6 34. Bb4+ Kf7 35. Kd3 g6 36. Ne5+ Bxe5 37. fxe5 Ne8 38. Bd6 Nxd6 39. exd6 Ke8 40. c7 Kd7 41. Ke3 g5 42. Kd3 h5 43.
Ke3 1-0

[Event "Live Chess"]
[Site "Chess.com"]
[Date "2023.05.21"]
[Round "-"]
[White "RichardABates"]
[Black "WelshTiger"]
[Result "0-1"]
[WhiteElo "2125"]
[BlackElo "2338"]
[TimeControl "300"]
[EndTime "2:31:42 PDT"]
[Termination "WelshTiger won by resignation"]

1. d4 d5 2. c4 e6 3. Nf3 Nf6 4. g3 Be7 5. Bg2 O-O 6. O-O c5 7.
cxd5 exd5 8. b3 Nc6 9. Ba3 cxd4 10. Nxd4 Bxa3 11. Nxa3 Qa5 12. Nac2 Re8 13. Ne3 Be6 14. a4 Rac8 15. Nb5 Red8 16. Qe1 Qb6 17. Qd2 a6 18. Na3 Qxb3 19. Rfb1 Qxa4 20. Nac4 Qxa1 21. Rxa1 dxc4 22. Qc3 Nd4 23. Ra2 b5 24. Bb7 Rc7 25. Bxa6 Ne4 26. Qa5 Rcd7 27. Bxb5 Nxb5 28. Qxb5 Nc3 29.
Qa5 Nxa2 30. Qxa2 c3 31. Qa5 Rc8 32. f4 g6 33. Nc2 Rd2 34. Qa4 Rxe2 35. Nd4 Re4 36.
Qa7 Rxd4 0-1

[Event "Live Chess"]
[Site "Chess.com"]
[Date "2023.05.21"]
[Round "-"]
[White "raminguy"]
[Black "PrinceCharming_1"]
[Result "1-0"]
[WhiteElo "1961"]
[BlackElo "1623"]
[TimeControl "300"]
[EndTime "2:31:42 PDT"]
[Termination "raminguy won by resignation"]

1. d4 f6 2. Nc3 d6 3. Bf4 e5 4. dxe5 fxe5 5. Bg3 Nf6 6. e4 Be7 7. Nf3 O-O 8. Ng5 h6 9. Bc4+ Kh8 10. Nf7+ Rxf7 11.
Bxf7 Qf8 12. Bb3 Bg4 13. f3 Bd7 14. O-O Nc6 15. Nd5 Nxd5 16. Bxd5 Nd4 17. a3 c6 18. Ba2 Qd8 19. c3 Nb5 20. Qd2 Nc7 21. Rad1 Be6 22. Bxe6 Nxe6 23. Qc2 Qc7 24. Rd2 Nf4 25.
Rfd1 Rd8 26. c4 b6 27. b4 a6 28. Bxf4 exf4 29. Rd3 Bf6 30. Qd2 Be5 31. c5 bxc5 32.
bxc5 Qa7 33. Qf2 Rb8 34. cxd6 Qxf2+ 35. Kxf2 Rb2+ 36. R1d2 Rxd2+ 37. Rxd2 c5 38. d7 Bf6 39. d8=Q+ Bxd8 40. Rxd8+ Kh7 41. Rc8 1-0

[Event "Live Chess"]
[Site "Chess.com"]
[Date "2023.05.21"]
[Round "-"]
[White "LiamBellwood"]
[Black "chessfiction"]
[Result "0-1"]
[WhiteElo "1958"]
[BlackElo "2336"]
[TimeControl "300"]
[EndTime "2:31:50 PDT"]
[Termination "chessfiction won by resignation"]

1. d4 d5 2. Nc3 e5 3. Bf4 exf4 4. Qd2 Bd6 5. Nh3 Bxh3 6. gxh3 Nf6 7. e3 fxe3 8. fxe3 Nc6 9. Bb5 O-O 10. Bxc6 bxc6 11.
Rg1 Qe7 12. O-O-O Rab8 13. Kb1 Ba3 14. Qg2 Rxb2+ 15. Ka1 g6 0-1

[Event "Live Chess"]
[Site "Chess.com"]
[Date "2023.05.21"]
[Round "-"]
[White "elephantgerrald"]
[Black "LaupMiths"]
[Result "0-1"]
[WhiteElo "688"]
[BlackElo "1812"]
[TimeControl "300"]
[EndTime "2:31:57 PDT"]
[Termination "LaupMiths won by checkmate"]

1. e4 c5 2. Nf3 Nc6 3. Bc4 e6 4. O-O a6 5. Nc3 b5 6. Nxb5 axb5 7. Bxb5 Bb7 8. Bxc6 Bxc6 9. Ne5 Bb5 10. Qf3 Nf6 11.
c4 Ba6 12. d3 Be7 13. Bg5 h6 14. Bxf6 Bxf6 15. Qf4 Qc7 16. b3 Qxe5 17. Qxe5 Bxe5 18.
Rab1 Rb8 19. Rfd1 Bd4 20. h4 h5 21. g3 Ke7 22. Kg2 Rb6 23. f3 Bb7 24. a4 Bc6 25.
a5 Ra6 26. b4 cxb4 27. Rxb4 Rxa5 28. Kh3 Rha8 29. f4 Ra2 30. Rb3 g6 31. g4 hxg4+ 32.
Kxg4 Rg2+ 33. Kh3 Raa2 34. Rh1 f5 35. exf5 gxf5 36. h5 Bf3 37. h6 Bg4+ 38. Kh4 Bf6# 0-1

[Event "Live Chess"]
[Site "Chess.com"]
[Date "2023.05.21"]
[Round "-"]
[White "SupremeTactician"]
[Black "Denz14"]
[Result "1-0"]
[WhiteElo "2261"]
[BlackElo "1048"]
[TimeControl "300"]
[EndTime "2:32:08 PDT"]
[Termination "SupremeTactician won by resignation"]

1. e4 d5 2. exd5 Qxd5 3. Nc3 Qd8 4. d4 Nf6 5. Be3 e6 6. Nf3 Bb4 7. a3 Bxc3+ 8. bxc3 O-O 9. Bd3 b6 10. O-O Bb7 11.
Ne5 Nbd7 12. f4 Nd5 13. Bd2 N7f6 14. c4 Ne7 15. c3 Ng6 16. Qc2 Nxe5 17. fxe5 Ng4 18.
Bxh7+ Kh8 19. Be4 f5 20. Bxb7 1-0

[Event "Live Chess"]
[Site "Chess.com"]
[Date "2023.05.21"]
[Round "-"]
[White "JackCheetham1"]
[Black "worldchessleaguelive"]
[Result "1-0"]
[WhiteElo "1696"]
[BlackElo "1340"]
[TimeControl "300"]
[EndTime "2:32:14 PDT"]
[Termination "JackCheetham1 won on time"]

1. e4 d5 2. exd5 Qxd5 3. Nc3 Qd8 4. d4 Nf6 5. Nf3 e6 6. Bd3 Be7 7. O-O h6 8. Re1 O-O 9. Bf4 c6 10. h3 Nbd7 11. Qd2 Nd5 12. Nxd5 cxd5 13. c4 Bf6 14.
Rad1 dxc4 15. Bxc4 Nb6 16. Bb3 Bd7 17. Ne5 Qe7 18. Bc2 Bxe5 19. Bxe5 Nd5 20. Qd3 f5 21.
Qg3 Qg5 22. Qf3 Rac8 23. Bb3 Bc6 24. Qg3 f4 25. Qxg5 hxg5 26. Bd6 Rfe8 27. Re5 Rcd8 28.
Bc5 b6 29. Ba3 f3 30. Rxg5 fxg2 31. Rc1 Ba8 32. Bxd5 Bxd5 33. Rc7 g6 34. Rxg6+ Kh8 35. Rgg7 Be4 36. Rg4 Bf5 37. Rh4+ Kg8 38. Be7 Rc8 39. Rxc8 Rxc8 40. Bf6 Kf7 41. Be5 Rc2 42. Kxg2 Rxb2 43. Rf4 Kg6 44. Rf3 Rxa2 45. Rg3+ Kf7 46. h4 Ra4 47. h5 a5 48. h6 Ra2 49. Rg7+ Kf8 50. h7 Bxh7 51. Rxh7 Rb2 52. Rh8+ Kf7 53. Rb8 1-0

[Event "Live Chess"]
[Site "Chess.com"]
[Date "2023.05.21"]
[Round "-"]
[White "apl_trainer"]
[Black "mliszewski"]
[Result "1-0"]
[WhiteElo "1758"]
[BlackElo "1827"]
[TimeControl "300"]
[EndTime "2:32:17 PDT"]
[Termination "apl_trainer won by resignation"]

1. d4 d5 2. c4 e5 3. dxe5 d4 4. Nf3 Nc6 5. a3 a5 6. b3 Nh6 7. Bxh6 gxh6 8. g3 Bg4 9. Nbd2 Qd7 10. Bg2 Bg7 11. O-O Bh3 12. Ne4 Bxg2 13. Kxg2 h5 14. Nc5 Qf5 15. Nxd4 Nxd4 16. Qxd4 Bxe5 17. Qe3 Kf8 18.
Rad1 h4 19. Nxb7 Rg8 20. Qf3 h3+ 21. Kg1 Qxf3 22. exf3 h5 23. f4 Bxf4 24. Rd7 h4 25.
Rfd1 hxg3 26. hxg3 Be5 27. Kh2 Bb2 28. a4 Bc3 29.
Rxc7 Ra6 30. Rdd7 Rf6 31. f4 Be1 32. Rd8+ Kg7 33. Rxg8+ Kxg8 34. Nxa5 Bxa5 35. Rb7 Be1 36. Kxh3 Rd6 37. Rb5 Rd3 38. c5 Rxg3+ 39. Kh2 Rc3 40. b4 Bg3+ 41. Kg2 Bxf4 42. a5 Bd2 43. a6 Rb3 44. a7 Ra3 45. Ra5 Rxa5 46. bxa5 1-0